 Dungeon Crawl Stone Soup version 0.21-a0-153-g78480df (webtiles) character file.

902 Geomchi the Chopper (level 7, -6/56 HPs)
             Began as a Demonspawn Gladiator on July 30, 2017.
             Mangled by a gnoll
             ... wielding a +0 halberd
              (8 damage)
             ... while paralysed by a hornet
             ... on level 5 of the Dungeon.
             The game lasted 00:05:43 (4188 turns).

Geomchi the Chopper (Demonspawn Gladiator)          Turns: 4188, Time: 00:05:44

Health: -6/56      AC:  9    Str: 16    XL:     7   Next: 80%
Magic:  7/7        EV:  2    Int:  9    God:
Gold:   150        SH:  0    Dex: 15    Spells: 6/6 levels left

rFire    . . .     SeeInvis .   a - +0 war axe
rCold    . . .     Gourm    .   (no shield)
rNeg     . . .     Faith    .   g - +0 scale mail
rPois    +         Spirit   .   c - +0 helmet
rElec    .         Reflect  .   (no cloak)
rCorr    .         Harm     .   (no gloves)
MR       .....                  (no boots)
Stlth    ..........             (no amulet)
HPRegen  0.18/turn              b - ring of poison resistance
MPRegen  0.10/turn              (no ring)

@: paralysed
A: claws 2, slimy green scales 1
a: no special abilities


You were on level 5 of the Dungeon.
You were not hungry.

You visited 1 branch of the dungeon, and saw 5 of its levels.

You collected 150 gold pieces.

Inventory:

Hand Weapons
 a - a +0 war axe (weapon)
Missiles
 d - 2 throwing nets (quivered)
Armour
 c - a +0 helmet (worn)
 g - a +0 scale mail (worn)
Jewellery
 b - a ring of poison resistance (left claw)
 t - a cursed ring of loudness {unknown}
Scrolls
 e - a scroll of random uselessness {unknown}
 i - a scroll of enchant weapon {unknown}
 n - a scroll of amnesia {unknown}
 o - 3 scrolls of identify {unknown}
 r - 2 scrolls of fear {unknown}
 s - a scroll of noise {unknown}
 v - a scroll of teleportation {unknown}
Potions
 h - a potion of curing
 l - 2 potions of agility {unknown}
 m - a potion of magic {unknown}
 p - 3 potions of haste {unknown}
 u - a potion of cancellation {unknown}
 w - a potion of invisibility {unknown}
Comestibles
 f - 4 bread rations {@e1}
 j - 2 meat rations {@e2}
 k - a chunk of flesh {@w0}
 q - 7 fruits


   Skills:
 + Level 5.3 Fighting
 * Level 7.2 Axes
 - Level 1.7 Throwing
 - Level 2.6 Dodging


You had 6 spell levels left.
You didn't know any spells.

Dungeon Overview and Level Annotations

Branches:
Dungeon (5/15)
 Temple: D:4-7

Altars:

Shops:
D:4 %(


Innate Abilities, Weirdness & Mutations

You have very sharp fingernails.
You are partially covered in slimy green scales. (AC +2)


Message History

The gnoll barely misses you. The hornet stings you!
* * * LOW HITPOINT WARNING * * *
The gnoll closely misses you.
The gnoll hits you from afar with a halberd!
* * * LOW HITPOINT WARNING * * *
You take 19 damage, and have 8/56 hp.
MASSIVE DAMAGE!!
You are too injured to fight recklessly!
You feel better.
You feel yourself speed up. The hornet closely misses you.
The hornet stings you.
* * * LOW HITPOINT WARNING * * *
The gnoll barely misses you. x2
You feel better. The hornet stings you!
* * * LOW HITPOINT WARNING * * *
You suddenly lose the ability to move!
The gnoll hits you with a club.
* * * LOW HITPOINT WARNING * * *
The hornet stings you.
* * * LOW HITPOINT WARNING * * *
The gnoll hits you from afar with a halberd!
You die...

##. ##.#. #.#.# #.. ....
..#)##.#.# #.. .....
....#...# #.. #.....
#..##..#######..
..)...###..##...........
#.......#...............
#.....#.##.#.#..........
#.....y....#.#.#####.#..
######@####.#.# #.#..
#g# #.#.# #.#.. .g.
#.... #.#.. .#.#.
.....#. #....
......##+##... #.... .#
#.. # #..##.#.. #. ..#
#..#.##. . .## #...#..
#.(.#).


You could see a hornet and 2 gnolls.

Vanquished Creatures
  Grinder (D:4)
  2 ogres
  A centaur (D:5)
  2 scorpions
  A crimson imp (D:5)
  A bullfrog skeleton (D:5)
  A hound (D:4)
  Terence (D:2)
  2 worker ants (D:4)
  A hound skeleton (D:5)
  Robin (D:3)
  A gnoll (D:5)
  6 adders
  A shadow imp (D:5)
  4 oozes
  2 worms (D:3)
  2 dart slugs (D:1)
  A leopard gecko (D:2)
  5 orcs
  2 ball pythons (D:1)
  5 bats
  10 giant cockroaches
  14 goblins
  5 hobgoblins
  7 jackals
  3 quokkas
  8 frilled lizards
  4 kobolds
  3 rats
97 creatures vanquished.

Notes
Turn   | Place    | Note
-------+----------+-------------------------------------------
     0 | D:1      | Geomchi the Demonspawn Gladiator began the quest for the Orb.
     0 | D:1      | Reached XP level 1. HP: 16/16 MP: 1/1
   188 | D:1      | Reached skill level 3 in Axes
   261 | D:1      | Gained mutation: You are partially covered in slimy green scales. (AC +2) [demonic ancestry]
   261 | D:1      | Reached XP level 2. HP: 21/22 MP: 2/2
  1106 | D:1      | Reached XP level 3. HP: 28/28 MP: 3/3
  1367 | D:2      | Noticed Terence
  1380 | D:2      | Killed Terence
  1380 | D:2      | Reached skill level 4 in Axes
  1380 | D:2      | Gained mutation: You have sharp fingernails. [demonic ancestry]
  1380 | D:2      | Reached XP level 4. HP: 25/34 MP: 4/4
  1907 | D:3      | Noticed Robin
  2042 | D:3      | Killed Robin
  2185 | D:3      | Reached XP level 5. HP: 41/41 MP: 5/5
  2733 | D:4      | Noticed an ogre
  2745 | D:4      | Killed an ogre
  2745 | D:4      | Reached skill level 5 in Axes
  2828 | D:4      | Found Qeutij's Food Shoppe.
  2832 | D:4      | Gained mutation: You have very sharp fingernails. [demonic ancestry]
  2832 | D:4      | Reached XP level 6. HP: 48/48 MP: 6/6
  3121 | D:4      | Noticed Grinder
  3139 | D:4      | Killed Grinder
  3139 | D:4      | Reached skill level 6 in Axes
  3139 | D:4      | Reached XP level 7. HP: 33/55 MP: 7/7
  3338 | D:4      | Found Seijod's Weapon Shoppe.
  3646 | D:5      | Entered Level 5 of the Dungeon
  3904 | D:5      | Reached skill level 5 in Fighting
  3974 | D:5      | Reached skill level 7 in Axes
  4179 | D:5      | Noticed a hornet
  4188 | D:5      | Paralysed by a hornet for 3 turns
  4188 | D:5      | HP: 2/56 [hornet (4)]
  4188 | D:5      | Mangled by a gnoll

Vault maps used:
D:1:      dpeg_arrival_pits
D:2:      minmay_misc_feat_iff, uniq_terence
D:3:      minmay_tree_intersection, uniq_robin
D:4:      serial_shops, shop, nicolae_shop_temple_entry_statues_fountains,
          first_bread, minmay_vboxes, uniq_grinder
D:5:      gammafunk_temple_overflow_claw

Skill      XL: |  1  2  3  4  5  6  7 |
---------------+----------------------+-----
Axes           | 3 4 5 6 7 |  7.2
Fighting       | 3 4 5 |  5.3
Throwing       | |  1.7
Dodging        | |  2.6

Action                   |  1- 3 |  4- 6 |  7- 9 || total
-------------------------+-------+-------+-------++-------
Melee: War axe           |    99 |   160 |    65 ||   324
Throw: Throwing net      |       |     3 |       ||     3
  Use: Potion            |       |     2 |     2 ||     4
  Eat: Chunk             |     2 |     5 |     4 ||    11
Armor: Leather armour    |    17 |       |       ||    17
       Scale mail        |    33 |   116 |    31 ||   180
       Skin              |       |     7 |       ||     7
Dodge: Dodged            |    69 |   113 |    52 ||   234
